Dod, lawful male dwarven Archeologist -- -- --- -- --.--.-- ---.-- -- |.......... |...<| .| -.......... |...-- ---- ----- ------ .-- --- --- -..........- --..| |..----- |...---.--.-- ... |..-- --..- -.........---..| |......--|...........| ---.. ....--... | -...........%.-- --......|---........-- |... .............| -.........^....| ---...-- |........----..---.............| --- | --.........-- |...| --..........................- ..| --...--....| ---.|.---|...............|.... ....| -..| -..- |....-- |...|...---....----......|..- | .. | --------... --.....----..---.....................- ------I- -............................--|..----...----....---.--- ---|..|Ie.| -- --------.------.------....|--- ----.. ------ |...| ---.--....--- -- |..-----....-- .... ---.--- --.......M.| |...--.......| ...| |...| |..@.......| --.......--..| ...- ---.-- |.N--......---- --......| --- ... |..---..--.......G.-- -----.-- .... |...................| --- ----- -------------.|.--..| ----- --- Dod the Field Worker Experience level: 5 Strength: 13 Dexterity: 9 Constitution: 16 Intelligence: 16 Wisdom: 12 Charisma: 10 Health: 0(45) Energy: 11(11) AC: 0 Gold: 391 Moves: 2859 Your Inventory: Coins $ - 391 gold pieces Weapons a - an uncursed +2 bullwhip (alternate weapon; not wielded) p - a cursed +0 orcish dagger (weapon in hand) C - an [uncursed +0] crossbow D - 12 [uncursed +0] crossbow bolts Armor c - an uncursed +0 fedora t - an [uncursed] +0 dwarvish mithril-coat (being worn) u - a cursed -1 pair of hiking boots [fumble] (being worn) v - an [uncursed] +0 dwarvish iron helm (being worn) Comestibles d - 2 uncursed food rations l - 2 uncursed lichen corpses I - an [uncursed] tin of fox meat Potions x - an [uncursed] potion of oil M - an [uncursed] amber potion [of hallucination] Wands F - an [uncursed] wand of striking [0:1] Tools e - an uncursed +0 pick-axe f - an uncursed tinning kit (0:60) h - an uncursed sack i - an uncursed oil lamp (0:1205) E - an [uncursed] magic marker [0:20] J - an [uncursed] sack K - an [uncursed] brass lantern O - an [uncursed] can of grease [0:13] Gems g - an uncursed touchstone z - an [uncursed] worthless piece of orange glass L - 2 [uncursed] worthless pieces of green glass N - an [uncursed] sapphire Spells known in the end: Name Level Category Fail Memory Your skills at the end: Fighting Skills Weapon Skills pick-axe [Basic / Expert] sling [Basic / Skilled] whip [Basic / Expert] Spellcasting Skills Final Attributes: You were piously aligned. Hunger level was 444. Your alignment was 23 / 24. Monster difficulty range was 1 - 6. Level difficulty was 8. You fumbled. You had infravision. You were stealthy. You aggravated monsters. You were fast. You were unlucky (-3). You are dead. Vanquished creatures: a giant spider 2 kittens 2 homunculi a centipede a giant bat a werejackal a gas spore a hobbit 2 manes a cave spider a red mold 10 gnomes 11 garter snakes 3 geckos 3 jackals 2 foxes 2 kobolds 2 goblins 2 sewer rats 2 grid bugs 2 lichens 3 newts 56 creatures vanquished. Voluntary challenges: You used a wielded weapon 77 times. You read items or engraved 23 times. You put on armor 5 times. You never genocided any monsters. You never polymorphed an object. You never changed form. You used no wishes. You wrote Elbereth's name 11 times. You never encountered a bones level. You never used any Sokoban shortcuts. Dungeon overview: The Dungeons of Doom: levels 1 to 4 Level 1 an altar, a fountain a long staircase Level 2 a fountain Level 3 an armor shop Level 4 stairs to The Gnomish Mines The Gnomish Mines: levels 5 to 8 Level 5 stairs to The Dungeons of Doom Level 8 <- You were here History has recorded: On T:1 you entered the Dungeons of Doom to retrieve the Amulet of Yendor! On T:67 you reached level 2 of The Dungeons of Doom. On T:269 you advanced to experience level 2. On T:458 you advanced to experience level 3. On T:908 you reached level 3 of The Dungeons of Doom. On T:1395 you reached level 4 of The Dungeons of Doom. On T:1661 you reached level 1 of The Gnomish Mines. On T:1919 you advanced to experience level 4. On T:2452 you reached level 2 of The Gnomish Mines. On T:2492 you reached level 3 of The Gnomish Mines. On T:2566 you advanced to experience level 5. On T:2714 you reached level 4 of The Gnomish Mines. Latest messages: You can see again. [HP+1=18] The red naga breathes fire! The blast of fire hits you! [HP-8=10] You flounder. You make a lot of noise! [2 turns] Pick an object. Never mind. [HP+1=11] The red naga misses. You hit the red naga. The red naga bites! [HP-6=5] You begin praying to Quetzalcoatl. The red naga bites! [HP-4=1] The red naga bites! You die... The sack is empty. (2x) Final status: Goodbye Dod the Archeologist... You died in The Gnomish Mines on dungeon level 8 with 1122 points, and 391 pieces of gold, after 2859 moves. You were level 5 with a maximum of 45 hit points when you died.